 Dungeon Crawl Stone Soup version 0.27-a0-1245-g940ed4fa31 (webtiles) character file.

Game seed: 5629831783883094477

81 sanka the Skirmisher (level 4, -3/37 HPs)
             Began as a Djinni Artificer on June 9, 2021.
             Slain by an iguana (6 damage)
             ... on level 4 of the Dungeon.
             The game lasted 00:03:24 (3151 turns).

sanka the Skirmisher (Djinni Artificer)             Turns: 3151, Time: 00:03:25

Health: -3/37      AC:  6    Str: 17    XL:     4   Next: 68%
Gold:   45         EV: 11    Int: 14    God:
                   SH:  0    Dex: 13

rFire    + + .     SeeInvis .   n - +3 short sword
rCold    x . .     Faith    .   (no shield)
rNeg     . . .     Spirit   .   m - +0 ring mail
rPois    ∞         Reflect  .   (no helmet)
rElec    .         Harm     .   (no cloak)
rCorr    .         Rampage  .   i - +0 pair of gloves
Will     .....                  (boots unavailable)
Stlth    +.........             (no amulet)
HPRegen  0.12/turn              (no ring)
MPRegen  0.00/turn              h - +6 ring of strength

@: flying
A: sickness immunity, fire resistance 2, cold vulnerability 1, float, innate
caster, hp casting, extra vitality 1
a: no special abilities


You were on level 4 of the Dungeon.
You visited 1 branch of the dungeon, and saw 4 of its levels.

You collected 45 gold pieces.


Innate Abilities, Weirdness & Mutations

You are immune to sickness and miasma.
You are immune to poison.
Your flesh is very heat resistant. (rF++)
You are vulnerable to cold. (rC-)
You float through the air rather than walking.
You learn spells naturally, not from books.
Your magical power is your life essence.
You have superior vitality. (+4 HP)


   Skills:
 + Level 4.1 Fighting
 - Level 1.0 Armour
 - Level 2.1 Dodging
 - Level 0.7 Stealth
 - Level 3.0 Evocations


You had 2 spell levels left.
You knew the following spells:

 Your Spells              Type           Power      Damage    Failure   Level
Z - Corona                Hex            0%         N/A       47%         1
Your spell library was empty.

Inventory:

Hand Weapons
 a - a +0 club
 l - a +0 spear
 n - a +3 short sword (weapon)
Armour
 b - a +0 leather armour
 i - a +0 pair of gloves (worn)
 m - a +0 ring mail (worn)
Jewellery
 h - a +6 ring of strength (right hand)
Wands
 c - a wand of flame (11) (quivered)
 d - a wand of charming (13)
Scrolls
 f - a scroll of amnesia {unknown}
 j - a scroll of teleportation {unknown}
 o - 2 scrolls of identify {unknown}
 p - a scroll of magic mapping {unknown}
Potions
 g - 2 potions of lignification {unknown}
 k - a potion of heal wounds {unknown}
Miscellaneous
 e - a piece from Xom's chessboard (15/15)

Dungeon Overview and Level Annotations

Branches:
Dungeon (4/15)
 Temple: D:4-7

Altars:
Cheibriados
Qazlal

Annotations:
D:3 3 runed translucent doors, polve's ghost, weakling DsAK

▒▒ ▒. ▒.
▒. ▒▒. ▒..
▒.l▒▒▒▒▒▒▒
▒..R....<▒
▒.▒▒▒▒▒▒▒▒
▒


You could see an iguana.


Message History

There is a stone staircase leading up here.
An iguana comes into view.
The iguana hisses angrily.
You hit the iguana.
The iguana is moderately wounded.
The iguana bites you.
You barely miss the iguana.
The iguana is moderately wounded.
The iguana barely misses you.
You completely miss the iguana.
The iguana is moderately wounded.
The iguana barely misses you.
You hit the iguana.
The iguana is heavily wounded.
The iguana bites you!
You hit the iguana.
The iguana is heavily wounded.
The iguana bites you.
You hit the iguana.
The iguana is heavily wounded.
The iguana bites you!
* * * LOW HITPOINT WARNING * * *
You barely miss the iguana.
The iguana is heavily wounded.
The iguana bites you!
* * * LOW HITPOINT WARNING * * *
You hit the iguana but do no damage.
The iguana is heavily wounded.
The iguana bites you.
You die...

Action                   |  1- 3 |  4- 6 || total
-------------------------+-------+-------++-------
Melee: Club              |    37 |       ||    37
       Spear             |    29 |       ||    29
       Short sword       |    31 |    31 ||    62
Evoke: Wand              |     6 |       ||     6
 Stab: Sleeping          |     1 |       ||     1
Armor: Leather armour    |     7 |       ||     7
       Ring mail         |    18 |     8 ||    26
Dodge: Dodged            |    85 |    16 ||   101

Levels and vault maps discovered:
D:1:      psy_arrival_dodecagon, layout_basic, minmay_misc_feat_ornament
D:2:      layout_loops_ring, basic_altar
D:3:      layout_loops_ring, chei_slow_surprise, ebering_ghost_rock_garden,
          grunt_decor_clamped, patterned_corridor
D:4:      layout_basic, nicolae_ru_path_of_blood, minmay_misc_feat_nine_boxes,
          amcnicky_mini_pool_small, uniq_ijyb, uniq_crazy_yiuf_cottage

Notes
Turn   | Place    | Note
-------+----------+-------------------------------------------
     0 | D:1      | sanka the Djinni Artificer began the quest for the Orb.
     0 | D:1      | Reached XP level 1. HP: 17/17 MP: 0/0
   282 | D:1      | You are sucked into a shaft and drop 1 floor!
   462 | D:2      | Reached skill level 2 in Fighting
   462 | D:2      | Reached XP level 2. HP: 15/23 MP: 0/0
   648 | D:2      | Found a stormy altar of Qazlal.
  1550 | D:3      | Reached XP level 3. HP: 23/29 MP: 0/0
  1550 | D:3      | Learned a level 1 spell: Corona
  1895 | D:3      | Reached skill level 3 in Fighting
  1983 | D:3      | Noticed a centaur
  1995 | D:3      | HP: 3/30 [centaur (4)]
  1997 | D:3      | HP: 1/30 [centaur (1)]
  2367 | D:3      | Reached XP level 4. HP: 33/37 MP: 0/0
  2647 | D:3      | Found a runed translucent gate.
  2647 | D:3      | Found a runed translucent gate.
  2649 | D:3      | Found a runed translucent gate.
  2652 | D:3      | Noticed polve's ghost (weakling DsAK)
  2818 | D:3      | Reached skill level 4 in Fighting
  2868 | D:3      | Found a snail-covered altar of Cheibriados.
  3150 | D:4      | HP: 3/37 [iguana (9)]
  3151 | D:4      | Slain by an iguana

Vanquished Creatures
  A bullfrog skeleton (D:3)
  2 adders (D:3)
  3 worms (D:3)
  An orc (D:3)
  A ball python (D:2)
  2 endoplasms
  2 hobgoblins (D:3)
  4 jackals (D:3)
  A quokka (D:2)
  4 bats
  A frilled lizard (D:1)
  3 goblins
  A kobold (D:1)
  A rat (D:3)
27 creatures vanquished.
